Map: Defender's Landing LE

Players

Whiskydog

  • Race: Terran Terran
  • League: Silver
  • Spawn Location: 1:00

Naton - Winner!

  • Race: Protoss Protoss
  • League: Silver
  • Spawn Location: 7:00

VOD

Have the link to the VOD?

Description

Time

  • Played on: June 18, 2017, 3:46 a.m.
  • Length: 2:22
Show
View Real Time Build Order
Export as new Build Order

Whiskydog Terran 

Build Orders: Reaper Expand 

Get SALT Encoding   

  12  0:01  SCV  
  13  0:13  SCV  
  14  0:19  Supply Depot  
  14  0:25  SCV  
  15  0:40  SCV  
  15  0:41  Barracks  
  16  0:47  Refinery  
  16  0:53  SCV  
  17  1:05  SCV  
  18  1:16  Refinery  
  18  1:17  SCV  
  19  1:30  Reaper  
  21  1:39  Orbital Command  
  20  1:56  Command Center  
  20  2:11  Barracks Reactor  
Show
View Real Time Build Order
Export as new Build Order

Naton Protoss - Winner!

Build Orders:  

Get SALT Encoding   

  12  0:02  Probe (Chrono Boost)  
  13  0:13  Probe (Chrono Boost)  
  14  0:18  Pylon  
  14  0:25  Probe (Chrono Boost)  
  15  0:36  Forge  
  15  0:44  Probe (Chrono Boost)  
  16  0:52  Gateway  
  16  0:55  Probe (Chrono Boost)  
  17  1:05  Probe (Chrono Boost)  
  18  1:23  Pylon  
  18  1:32  Assimilator  
  18  1:41  Pylon  
  18  1:45  Photon Cannon  
  18  2:01  Cybernetics Core  
  20  2:03  Probe (Chrono Boost)  
  20  2:05  Assimilator  
Tags
 
Add a new tag
Caveats
  • Supply blocks, unpowered buildings, or Contaminate may cause inaccurate times.
  • Supply counts are checked every 10 seconds.